[Event "The American Cup | Group A 2023"]
[Site "Chess.com"]
[Date "2023.03.23"]
[Round "16"]
[White "So, Wesley"]
[Black "Aronian, Levon"]
[Result "1/2-1/2"]
[WhiteElo "2761"]
[BlackElo "2745"]
[ECO "D37"]
[EventDate "2023.??.??"]
[Annotator "rafael"]
[PlyCount "152"]
[Beauty "4403436209183"]
[EventType "schev"]
[EventRounds "3"]
[TimeControl "5400+30"]

1.d4 Nf6 2.c4 e6 3.Nf3 d5 4.Nc3 Nbd7 5.e3 Be7 6.b3 O-O 7.Bb2 b6 8.Bd3 Bb7 9.Qc2 {So has experience in this position, as he has played it three times previously. The last time was in 2015 in a game that ended in defeat. His opponent chose the more common 9...c5.} 9...h6 {A rare move. Aronian, as usual, has his own creative ideas. The plan is to be able to capture with the knight after a pawn exchange on d5. This will not work well in the game.} ( 9...c5 10.cxd5 exd5 11.O-O {was So-Naiditsch, Dortmund 2015.} ) 10.Rd1 c5 11.cxd5 Nxd5 {This is the point.} 12.Nxd5 Bxd5 13.dxc5 Bxc5 $6 ( 13...bxc5 {This capture is probably better, although White keeps a small edge due to the better pawn structure.} ) 14.O-O $6 ( 14.e4 $1 {[%c_effect e4;square;e4;type;GreatFind;persistent;true] is more accurate, since the bishop cannot go to b7 now.} 14...Bc6 ( 14...Bb7 15.Bb5 $1 ) 15.O-O {With advantage for White because the bishop on c6 is misplaced.} ) 14...Qe7 15.Bh7+ ( 15.e4 Bb7 16.Bb5 {This is harmless now, since the knight is not pinned.} 16...Nf6 ) 15...Kh8 16.Be4 Bxe4 17.Qxe4 a5 18.Qf4 {Threatening 19.Qxh6+.} 18...Kh7 19.g4 $1 {[%c_effect g4;square;g4;type;GreatFind;persistent;true] A lovely move that will work as a charm. Pawn advances in front of the king are difficult to evaluate: they usually work very well in elite player games and very poorly in amateur games. The plan is to keep advancing the g-pawn, and surprisingly a strong attack is initiated.} 19...Nf6 $6 {[%c_effect f6;square;f6;type;Inaccuracy;persistent;true] This adds fuel to the fire.} ( 19...f6 {is better, as the weaknesses on the light squares are not so dangerous after} 20.Qe4+ Kg8 ) 20.g5 $1 hxg5 21.Nxg5+ Kg8 22.Kh1 {White has a very strong attack using the g- and h-files.} ( 22.Qh4 {is also very tempting.} ) 22...Rfd8 ( 22...Rad8 {is a better move, as the rook is useful on f8 after} 23.Rxd8 Qxd8 24.Rg1 Be7 {White has a clear advantage anyway, but Black is not losing.} ) 23.Rxd8+ Qxd8 24.Rg1 Be7 25.e4 $1 {[%c_effect e4;square;e4;type;GreatFind;persistent;true] Now the absence of the rook on f8 is felt: the f7-pawn is weak.} 25...Qe8 26.Qh4 ( 26.Nf3 $5 {[%c_effect f3;square;f3;type;Interesting;persistent;true] is also winning:} 26...Qd8 ( 26...Nh5 27.Qh6 f6 28.Rg6 $1 Qb5 29.e5 Qf1+ 30.Ng1 Qxf2 31.exf6 Bxf6 32.Bxf6 {Black loses material.} ) 27.Qh6 g6 28.Ne5 {with a very strong attack.} ) 26...Qc6 27.f3 {Preparing 28.e5.} ( 27.Rg3 $1 {[%c_effect g3;square;g3;type;GreatFind;persistent;true] is even better. The threat is 28.Rh3 and mate on the h-file.} ) 27...e5 {Desperation.} ( 27...Qc2 {loses after} 28.Bxf6 Bxf6 29.Qh7+ Kf8 30.e5 $1 {[%c_effect e5;square;e5;type;GreatFind;persistent;true] and White wins a piece after} 30...Qxh7 31.Nxh7+ Ke7 32.exf6+ ) 28.Bxe5 Ra7 {Aronian had a few seconds left, while So had more or less four minutes. The fact that Black doesn't lose this position redefines the concept of \"miraculous escape.\"} 29.Bxf6 $2 {[%c_effect f6;square;f6;type;Mistake;persistent;true] This eases Black's task.} ( 29.Bb2 {is easily winning with the threat of 30.e5. A possible continuation is} 29...Qc2 30.Bxf6 Bxf6 31.Qh7+ Kf8 32.e5 $1 {[%c_effect e5;square;e5;type;GreatFind;persistent;true] winning a piece.} ) 29...Bxf6 30.Qh7+ Kf8 31.Qf5 Bxg5 ( 31...Kg8 {is the computer suggestion. Apparently the position is equal.} ) 32.Qxg5 f6 33.Qh5 Kg8 34.Rd1 Ra8 {The worst is over for Black, but with little time on the clock and a pawn down, some danger persists.} 35.h4 Qe6 ( 35...Rc8 ) 36.Kg2 Rc8 37.Kg3 Qe7 $2 ( 37...f5 $1 {[%c_effect f5;square;f5;type;GreatFind;persistent;true] is better. A draw is in sight in the rook endgame after} 38.Qxf5 ( 38.exf5 Qe2 {with counterplay.} ) 38...Qxf5 39.exf5 Rc2 40.Rd6 Rxa2 41.Rxb6 Kf7 ) 38.Qd5+ Kh8 39.Qd6 $6 ( 39.Kg4 $1 {[%c_effect g4;square;g4;type;GreatFind;persistent;true] is more accurate.} ) 39...Qe8 $1 40.Qxb6 Qe5+ 41.Kh3 Rc3 42.Kg4 Rc2 43.Qd8+ Kh7 44.Rd2 Qe6+ 45.Kg3 Qe5+ 46.Kh3 Rc3 47.Kg2 Qf4 48.Rf2 Rc5 ( 48...Qxh4 {is better with enough counterplay for a draw.} ) 49.Qd7 Qxh4 50.Qh3 Qxh3+ 51.Kxh3 {We all know that rook endgames are extremely difficult. Both players had less than a minute in this position, which complicates things even further. Objectively Black should be able to get a draw, but we have many adventures ahead. A very important factor when evaluating these endgames is the activity of the rooks. Here the black rook is active enough.} 51...g5 52.Rd2 a4 $1 53.bxa4 Rc4 $2 ( 53...Kg6 {is necessary. If White tries to defend the pawns with} 54.Rd3 Ra5 55.Ra3 {then his rook has no squares.} 55...f5 56.exf5+ Kxf5 57.Kg3 Kf6 {White can't make progress.} ) 54.Rd6 $2 ( 54.a5 $1 {[%c_effect a5;square;a5;type;GreatFind;persistent;true] \"Passed pawns must be pushed.\" I love aphorisms after the computer shows me the right move.} 54...Ra4 55.Rd6 Kg7 56.a6 Rxa2 57.Kg4 {This position will occur in the game.} ) 54...Kg7 $2 ( 54...f5 $1 55.exf5 Rxa4 {This is enough for a draw.} ) 55.a5 Ra4 56.a6 Rxa2 57.Kg4 Ra5 58.Kh5 {The king invades the black position; White has a decisive advantage.} 58...Kf7 59.Rb6 Ra4 60.Rb7+ Ke6 61.a7 Ke5 62.Re7+ $2 {[%c_effect e7;square;e7;type;Mistake;persistent;true] A costly blunder with seconds on the clock.} ( 62.Kg6 {wins after} 62...Kf4 63.Kxf6 Kxf3 64.e5 g4 65.e6 g3 66.e7 g2 67.Rb1 ) 62...Kf4 {Now Black is in time.} 63.Rf7 ( 63.Kg6 Kxf3 64.Kxf6 g4 ) 63...Kxf3 64.e5 Ke4 $1 65.exf6 Kf5 66.Kh6 g4 67.Kg7 g3 68.Rb7 g2 69.Rb1 Rxa7+ 70.f7 Kf4 71.Kg8 Ra8+ 72.f8=R+ Rxf8+ 73.Kxf8 Kg3 74.Ra1 Kh2 75.Ra2 Kh1 76.Rxg2 Kxg2 1/2-1/2

[Event "The American Cup | Group A 2023"]
[Site "Chess.com"]
[Date "2023.03.25"]
[Round "17"]
[White "So, Wesley"]
[Black "Nakamura, Hikaru"]
[Result "1-0"]
[WhiteElo "2761"]
[BlackElo "2768"]
[ECO "C65"]
[EventDate "2023.??.??"]
[Annotator "rafael"]
[PlyCount "131"]
[Beauty "6050266744362"]
[EventType "schev"]
[EventRounds "3"]
[TimeControl "5400+30"]

1.e4 e5 2.Nf3 Nc6 3.Bb5 Nf6 4.d3 Bc5 5.O-O Nd4 6.Nxd4 Bxd4 7.c3 Bb6 8.Na3 c6 9.Ba4 d6 10.Bc2 {So has experience in that position with both colors, but the Berlin is tough to break, and he won't achieve much in the opening.} 10...Be6 ( 10...O-O 11.Bg5 h6 12.Bh4 g5 13.Bg3 Bg4 14.Qd2 Nh5 15.Nc4 Be6 16.Rad1 Kg7 17.Qe2 Nxg3 18.hxg3 {with a complicated middlegame in So-Navara, St. Louis (rapid) 2019.} ) 11.Qe2 h6 $5 {[%c_effect h6;square;h6;type;Interesting;persistent;true] Avoiding the pin with Bg5.} 12.Nc4 {This natural move is a novelty.} ( 12.Kh1 $6 {[%c_effect h1;square;h1;type;Inaccuracy;persistent;true] is inaccurate and was played by Caruana against So. This error could have been immediately exploited with the knight's leap to g4.} 12...Ng4 $1 ( 12...g5 {was played in the game. To be honest, Black also had a fine position after} 13.Nc4 Bc7 14.Ne3 d5 {Caruana-So, Stavanger 2018.} ) 13.h3 ( 13.f3 $2 {[%c_effect f3;square;f3;type;Mistake;persistent;true] falls into a typical trap:} 13...Nxh2 $1 14.Kxh2 Qh4# ) 13...Qh4 {Black has a clear initiative.} ) 12...Bc7 13.f4 exf4 14.Bxf4 Bxc4 $1 {[%c_effect c4;square;c4;type;GreatFind;persistent;true] Clearly the best move, as Black disrupts White's pawn structure.} 15.dxc4 Qe7 {Considering that soon Black will have an excellent position, it's time for the opening experts to start looking for an improvement.} 16.Rad1 ( 16.c5 $5 {[%c_effect c5;square;c5;type;Interesting;persistent;true] is an option.} 16...O-O-O ( 16...dxc5 $2 17.Bxc7 Qxc7 18.e5 $1 {[%c_effect e5;square;e5;type;GreatFind;persistent;true] White gets a dangerous attack.} ) 17.cxd6 Bxd6 18.e5 Bc7 19.Bg3 {The position has opened up for the bishops, but the pawn on e5 is isolated. I don't know if White has much, but this looks better than what we'll see in the game.} ) 16...O-O-O 17.Kh1 Rhe8 18.Rfe1 Kb8 {Here and in the next moves, taking the knight to e5 is also a position with comfortable play.} ( 18...Nd7 ) 19.Qf3 g5 ( 19...Nd7 ) 20.Bg3 h5 $1 21.Qf5 h4 ( 21...Ng4 $1 {[%c_effect g4;square;g4;type;GreatFind;persistent;true] gives a clear advantage to Black.} 22.h3 h4 $1 23.Bxh4 ( 23.Qxg4 hxg3 24.Qxg3 d5 {with a strong attack on the dark squares.} ) 23...gxh4 24.Qxg4 d5 {Black has a strong attack in this position of opposite-colored bishops.} ) 22.Bf2 Nh5 23.Kg1 f6 24.b4 {White's plan is to create a queenside attack.} 24...Nf4 25.Bd4 Rf8 26.a4 {The worst is over for White. The computer indicates equality, but in practice his position is already easier to play.} 26...Qf7 27.Bb3 Rde8 28.a5 Ne6 $2 {[%c_effect e6;square;e6;type;Mistake;persistent;true] This is a blunder.} ( 28...a6 ) ( 28...Re7 ) 29.Be3 $2 {[%c_effect e3;square;e3;type;Mistake;persistent;true] So misses his chance.} ( 29.c5 $1 {[%c_effect c5;square;c5;type;GreatFind;persistent;true] is very strong, opening the position for the bishops. The point is that capturing the bishop loses material.} 29...Nxd4 $2 30.Bxf7 Nxf5 31.Bxe8 ) 29...Nf4 30.Bd4 a6 31.Rd2 Ka8 {With a complex position, both strategically and tactically, and with both players short on the clock, the game becomes chaotic. I feel a little embarrassed having to criticize moves in this situation, but it's my duty as an analyst to show the readers the mistakes.} 32.Ba2 $6 {[%c_effect a2;square;a2;type;Inaccuracy;persistent;true] The idea is to protect the bishop and prepare c4-c5, but this is not dangerous.} 32...Qe7 $6 ( 32...Re7 $1 {[%c_effect e7;square;e7;type;GreatFind;persistent;true] Followed by Qe8, pressures the e4-pawn and also guards the b5-square.} 33.c5 {is not so good after} 33...d5 $1 {[%c_effect d5;square;d5;type;GreatFind;persistent;true] For instance:} 34.Rf1 Qe8 35.exd5 Re2 $1 {[%c_effect e2;square;e2;type;GreatFind;persistent;true] with the initiative.} ) 33.Bb3 Rd8 $6 34.Rdd1 Bb8 $6 {[%c_effect b8;square;b8;type;Inaccuracy;persistent;true] This move releases the pressure on the a-pawn and helps White.} ( 34...Rde8 ) 35.b5 $1 Ba7 36.Ba4 ( 36.bxc6 $1 bxc6 37.Ba4 {White has some advantage since the black king is not safe.} ) 36...Bxd4+ 37.cxd4 cxb5 38.cxb5 Rc8 $2 ( 38...Qf7 $1 {[%c_effect f7;square;f7;type;GreatFind;persistent;true] is the right way to fight. The point is that White cannot capture on a6, since he loses material after:} 39.bxa6 $2 Qa2 $1 40.axb7+ Kb8 {Both the bishop and mate on g2 are threatened.} ) 39.bxa6 bxa6 40.Rb1 {The attack is too strong now.} 40...Rb8 41.Rb6 $2 ( 41.Bc6+ Ka7 42.e5 $1 {[%c_effect e5;square;e5;type;GreatFind;persistent;true] White wins in all variations.} 42...dxe5 ( 42...fxe5 43.Rxb8 Rxb8 ( 43...Rxf5 44.Ra8# {There's no such thing as an \"ugly checkmate,\" but this one is nicer than usual.} ) ( 43...Kxb8 44.Rb1+ Kc7 ( 44...Ka7 45.Qxf8 $1 Qxf8 46.Rb7+ Ka8 47.Rf7+ {The windmill strikes again.} ) 45.Qc2 {with a decisive attack.} ) 44.dxe5 dxe5 45.Rxe5 Qc7 46.Qe4 {Black's king will soon perish.} ) 43.d5 $1 {[%c_effect d5;square;d5;type;GreatFind;persistent;true] Threatening d6 at some point. The position is worse than it looks for Black. The machine claims White is winning.} ) 41...Rxb6 42.axb6 Kb8 $2 ( 42...d5 $1 {[%c_effect d5;square;d5;type;GreatFind;persistent;true] is the only way to keep fighting, since the queen cannot go to the queenside.} ) 43.Qa5 $1 Qb7 44.Bd1 $6 ( 44.d5 $1 Qc8 45.Bc6 Qg4 46.Qd2 {The monster bishop on c6 decides the game.} ) 44...h3 $6 ( 44...f5 $1 {[%c_effect f5;square;f5;type;GreatFind;persistent;true] is the best chance. The position remains chaotic.} ) 45.g3 Ng2 46.Re2 {Surprisingly, the g2-knight is the piece that seals Black's fate.} 46...Rc8 47.Bb3 Rc1+ 48.Kf2 Rb1 49.Bd5 ( 49.Be6 {is also winning.} ) 49...Qxb6 50.Qxb6+ Rxb6 51.Be6 $1 {[%c_effect e6;square;e6;type;GreatFind;persistent;true] The h3-pawn falls, and the knight is trapped. White is winning.} 51...f5 52.Bxf5 ( 52.exf5 {is even easier.} ) 52...Rb3 53.Be6 ( 53.e5 {is also winning.} ) 53...Rc3 54.Bxh3 Nf4 {This is Nakamura's trick to save the knight, but it's not enough.} 55.gxf4 Rxh3 56.Kg2 ( 56.fxg5 Rxh2+ 57.Kf3 {This is also easily winning.} ) 56...Rh4 57.fxg5 Rg4+ 58.Kf3 Rxg5 59.h4 {The h-pawn decides the game.} 59...Rg8 60.h5 Kc7 61.h6 Kd7 62.h7 Rh8 63.Rh2 Ke7 64.Rh5 Kf7 65.Rh6 d5 66.Rxa6 1-0

[Event "The American Cup | Group B 2023"]
[Site "Chess.com"]
[Date "2023.03.24"]
[Round "9"]
[White "Krush, Irina"]
[Black "Lee, Alice"]
[Result "1-0"]
[WhiteElo "2432"]
[BlackElo "2362"]
[ECO "A22"]
[EventDate "2023.??.??"]
[Annotator "rafael"]
[PlyCount "95"]
[Beauty "7149799344730"]
[EventType "game"]
[TimeControl "5400+30"]

1.c4 e5 2.Nc3 Nf6 3.Nf3 e4 $5 {[%c_effect e4;square;e4;type;Interesting;persistent;true] A very interesting gambit that is popular among the chess elite these days.} 4.Ng5 c6 $1 ( 4...b5 {In the past, the b-pawn was sacrificed with this move with the idea of defending the center pawn, which is theoretically more important. The computer, however, modernizes the variation by prioritizing development, not the quality of the pawn.} ) 5.Ngxe4 Nxe4 6.Nxe4 d5 7.cxd5 cxd5 8.Ng3 h5 $1 {[%c_effect h5;square;h5;type;GreatFind;persistent;true] This is one of the ideas: the knight is chased.} 9.e3 {Necessary to release the e2-square for the knight.} 9...h4 10.Bb5+ $6 {[%c_effect b5;square;b5;type;Inaccuracy;persistent;true] Krush was probably surprised in the opening, and now she makes a natural move, developing the bishop before putting the knight on e2. This move, however, is imprecise: the bishop needs to help the white king.} ( 10.Ne2 {is more popular and better.} ) 10...Nc6 11.Ne2 Bd6 $6 {[%c_effect d6;square;d6;type;Inaccuracy;persistent;true] A natural development move but a little slow for what the position asks for.} ( 11...h3 12.g3 a6 13.Bxc6+ bxc6 14.Qa4 Qf6 15.Qf4 Qe6 16.Nd4 Qg6 {Black had excellent compensation in Nyzhnyk-Sevian, St. Louis 2022.} ) ( 11...a6 12.Bxc6+ bxc6 13.Qc2 Bd7 14.b3 Qg5 {with good play for Black in Dardha-van Foreest, Germany 2022.} ) 12.O-O Qf6 13.f3 $1 {[%c_effect f3;square;f3;type;GreatFind;persistent;true] An important move, as the f3-square is a weakness that needs to be protected. The best is to place a pawn there.} 13...Bd7 {Perhaps it would be better to place the bishop on a more active square. In order to achieve this, it's necessary to speed up the Bc7-Qd6 plan.} ( 13...a6 14.Ba4 Bc7 $1 15.d4 Qd6 16.f4 h3 17.g3 Bg4 {The compensation for the sacrificed pawn isn't enough for equality, but in practice Black has plenty of play.} ) 14.d4 O-O-O 15.Bd2 Bc7 16.Bd3 {A useful move, sooner or later. The bishop gives way to White's plan, which is to advance the queenside's pawns.} 16...Qd6 17.f4 g5 {Lee tries to open the game on the kingside.} 18.Qb3 Rhg8 19.Kh1 ( 19.Qa3 $5 {[%c_effect a3;square;a3;type;Interesting;persistent;true] is possible, accelerating the counterplay.} 19...Qf6 20.b4 ) 19...g4 $6 {[%c_effect g4;square;g4;type;Inaccuracy;persistent;true] This is a difficult move to evaluate: on one hand, Black loses the possibility of opening the g-file, but on the other hand, she gains tactical ideas related to the pawn advance. I don't normally like to relieve tension in the pawn structure, so I prefer to make a useful move here, like 19...Kb8.} ( 19...Kb8 ) 20.Rfc1 Qf6 {Preparing 20...Bf5.} ( 20...Kb8 ) 21.Qxd5 $1 {[%c_effect d5;square;d5;type;GreatFind;persistent;true] A fearless move in the style of the legendary Viktor Korchnoi who, if he were alive, would have turned 92 on March 23. Did Krush want to pay homage $2 Consciously, I don't think so, but she ended up doing it with her moves. This game is very reminiscent of the great player who became known for accepting the sacrifices that were offered to him.} 21...g3 22.Qf3 {A natural move, bringing the queen closer to the king. The computer is unimpressed by Black's attack and assesses White's position as far superior after the cold 22.Be4.} ( 22.Be4 ) 22...Bg4 23.Qf1 Bxe2 $2 {[%c_effect e2;square;e2;type;Mistake;persistent;true] This is the move that really loses. Surrendering the light-squared bishop automatically kills the attack. This is a common theme in King's Indian positions too, when Black is trying to mate on the kingside. If you lose this bishop, then the white king's life is much smoother. 23...Kb8 or 23...gxh2 are better alternatives.} ( 23...Kb8 ) ( 23...gxh2 24.Be4 ) 24.Bxe2 h3 25.Bf3 {The attack with the pawns is an illusion.} 25...hxg2+ 26.Bxg2 gxh2 {Now White uses a known technique: she uses Black's pawn as a shelter for the attack.} 27.Qf3 {Preparing the queen and bishop battery eyeing the queenside. The king is safe, and the pawns are ready to be advanced. White has a decisive advantage.} 27...Rg6 28.Rc2 $1 Rdg8 29.Be1 Kb8 30.Rac1 ( 30.d5 $1 {[%c_effect d5;square;d5;type;GreatFind;persistent;true] is even better.} ) 30...Qf5 31.b4 $1 Bd6 32.a4 f6 {Losing immediately, but it's hard to suggest something.} 33.b5 Ba3 34.bxc6 Rxg2 ( 34...Bxc1 35.c7+ Kc8 36.Qxb7+ ) 35.Rxg2 Rxg2 36.c7+ $1 {[%c_effect c7;square;c7;type;GreatFind;persistent;true] A nice intermediate move that wins a piece.} 36...Kc8 37.Qxg2 Bxc1 38.Qg8+ $1 Kxc7 39.Qc4+ $1 Kd7 40.Qxc1 Qh3 41.Bd2 Qf3+ 42.Kxh2 Qf2+ 43.Kh1 Qf3+ 44.Kg1 Qg3+ 45.Kf1 Qf3+ 46.Ke1 f5 47.Qc4 Qg3+ 48.Kd1 1-0